 Dungeon Crawl Stone Soup version 0.24.0-13-gcf9b319 (webtiles) character file.

Game seed: 10496031847498266318, levelgen mode: deterministic

147564 Cassiopeia the Bludgeoner (level 16, 0/149 HPs)
             Began as a Minotaur Berserker on May 4, 2020.
             Was a High Priest of Trog.
             Slain by a nagaraja
             ... wielding a +0 spear
              (11 damage)
             ... on level 4 of the Snake Pit on May 5, 2020.
             The game lasted 03:13:37 (40631 turns).

Cassiopeia the Bludgeoner (Minotaur Berserker)     Turns: 40631, Time: 03:13:38

Health: 0/149      AC: 35    Str: 26    XL:     16   Next: 92%
Magic:  1/5        EV: 15    Int:  4    God:    Trog [*****.]
Gold:   170        SH:  9    Dex: 13    Spells: 15/15 levels left

rFire    . . .     SeeInvis +   U - +3 eveningstar (antimagic)
rCold    . . .     Gourm    .   T - +1 buckler {rPois}
rNeg     . . .     Faith    .   y - +8 plate armour
rPois    +         Spirit   .   (helmet restricted)
rElec    .         Reflect  .   r - +2 cloak {+Inv}
rCorr    .         Harm     .   C - +2 pair of gloves
MR       +++..                  x - +2 pair of boots
Stlth    ..........             (no amulet)
HPRegen  1.34/turn              I - ring of see invisible
MPRegen  0.09/turn              X - +3 ring of slaying

@: lethally poisoned (0 -> 0), about to teleport, berserk cooldown,
regenerating, slowed, very slow
A: retaliatory headbutt, horns 2
a: Berserk, Trog's Hand, Brothers in Arms, Renounce Religion, Evoke Invisibility


You were on level 4 of the Snake Pit.
You worshipped Trog.
Trog was extremely pleased with you.
You were very hungry.

You visited 4 branches of the dungeon, and saw 27 of its levels.

You collected 2360 gold pieces.
You spent 2190 gold pieces at shops.

Inventory:

Hand Weapons
 j - a +3 long sword
 o - a +3 great mace of protection
 B - a +3 morningstar
 P - a +5 antimagic great mace
 R - the +1 scimitar of Premature Burial {antimagic, Int+5}
   (You found it on level 11 of the Dungeon)

   It reduces the magical energy of the wielder, and disrupts the spells and
   magical abilities of those hit.
   Natural abilities and divine invocations are not affected.
   It affects your intelligence (+5).
 S - a +5 antimagic dire flail
 U - a +3 antimagic eveningstar (weapon)
 Z - a +3 flail of draining
Missiles
 k - 30 boomerangs (quivered)
Armour
 a - +0 swamp dragon scales
 i - a +2 scale mail of fire resistance
 l - a scarf of repulsion
 r - a +2 cloak of invisibility (worn)
 w - the +1 large shield of Thoughtfulness {Int+2 Stlth+}
   (You bought it in a shop on level 2 of the Orcish Mines)

   It affects your intelligence (+2).
   It makes you more stealthy.
 x - a +2 pair of boots (worn)
 y - a +8 plate armour (worn)
 z - +0 acid dragon scales
 C - a +2 pair of gloves (worn)
 T - a +1 buckler of poison resistance (worn)
 Y - a +0 cloak
Magical Staves
 V - an uncursed staff of power
Jewellery
 e - an uncursed amulet of harm
 I - a ring of see invisible (left hand)
 O - a +3 ring of intelligence
 X - a +3 ring of slaying (right hand)
Wands
 A - a wand of iceblast (27)
 G - a wand of acid (9)
 J - a wand of random effects (63)
 N - a wand of flame (49)
 Q - a wand of polymorph (19)
 W - a wand of digging (7)
Scrolls
 b - 11 scrolls of teleportation
 f - 7 scrolls of enchant weapon
 m - a scroll of holy word
 n - 18 scrolls of remove curse
 t - a scroll of torment {unknown}
 v - 3 scrolls of fog
 E - 2 scrolls of summoning
 L - 2 scrolls of magic mapping
 M - 2 scrolls of fear
Potions
 d - 2 potions of resistance
 h - 3 potions of curing
 p - a potion of cancellation
 q - 4 potions of agility
 s - 4 potions of ambrosia
 u - 3 potions of berserk rage
 D - 3 potions of flight
 F - 5 potions of might
 H - a potion of invisibility
 K - 3 potions of brilliance
Miscellaneous
 g - a lightning rod (4/4)
Comestibles
 c - 31 rations


   Skills:
 - Level 15.0 Fighting
 - Level 18.0 Maces & Flails
 - Level 14.8 Armour
 - Level 13.7 Dodging
 + Level 17.8 Shields


You had 15 spell levels left.
You didn't know any spells.
Your spell library was empty.

Dungeon Overview and Level Annotations

Branches:
Dungeon (15/15)            Temple (0/1) D:6            Lair (6/6) D:11
  Swamp (0/4) Lair:3        Snake (4/4) Lair:2        Slime (0/5) Lair:6
    Orc (2/2) D:12            Elf (0/3) Orc:2        Vaults (0/5) D:13
 Depths (0/5) D:15

Altars:
Dithmenos
Gozag
Hepliaklqana
Nemelex Xobeh
Okawaru
Trog
Xom
Beogh

Shops:
D:9 ?=:   D:15 *   Orc:2 :[*(   Snake:2 [*[*   Snake:3 }=}

Annotations:
D:10 exclusion: obsidian statue
Lair:6 exclusion: oklob plant
Orc:1 3 runed translucent doors, hanumantmk's ghost, journeyman MiBe


Innate Abilities, Weirdness & Mutations

You reflexively headbutt those who attack you in melee.
You have a pair of horns on your head.


Message History

Your deep troll's corpse disappears in a puff of smoke!
The orb of energy explodes!
The mystic blast hits you!
* * * LOW HITPOINT WARNING * * *
Items here: ( )) † a +0 arbalest; a +0 scimitar; 16 bolts; a naga corpse You feel better.
The nagaraja gestures at you while chanting.
The poison arrow hits you!!
You are poisoned.
You partially resist.
* * * LOW HITPOINT WARNING * * *
The nagaraja points at you and mumbles some strange words.
You feel strangely unstable.
Okay, then.
Your skin crawls.
You feel resistant to hostile enchantments.
You are feeling very hungry.
You feel sick.
The nagaraja hits you from afar with a +0 spear!
You die...

###)###.......##...........#
#.....#######.##.....#####.#
.#####.##.8.####....##. ##
......)#.....###..###.###.
...8..)'..<.8#....###.....
.......#.....#.....#......
(#####.##.8.##.....'.≈≈≈≈≈
#(.[..#######...)†)†.≈≈≈≈≈
###(###.........@(N'.≈≈≈≈≈
#.(...####.####.)..#......
.#...#.###'#####..## .....
.#...#.#.....}##### ###.
.#.8.#.#......######## ##
.#...#.#......##.....#####.#
.#...#.#......##...........#
#.....##......##...........#
##.#+##........'...........##


You could see a nagaraja.

Vanquished Creatures
  Asterion (Snake:2)
  An orc warlord (Orc:2)
  An ettin (D:15)
  A fire dragon (Lair:6)
  2 hydras
  Harold (D:9)
  12 naga warriors
  Erica (Orc:1)
  11 two-headed ogres
  3 centaur warriors (D:15)
  The ghost of Lutefisk the Zephyrmancer, a journeyman TeAE of Vehumet (D:11)
  12 anacondas
  2 ogre magi
  5 tengu warriors
  13 naga sharpshooters
  An orc high priest (Orc:2)
  8 shock serpents
  A salamander mystic (Snake:4)
  A swamp dragon (Lair:6)
  5 unseen horrors
  A deep troll (D:15)
  A wizard (D:14)
  A sea snake (Snake:4)
  8 naga ritualists
  2 lindwurms
  3 orc knights
  Pikel (D:8)
  3 orc sorcerers
  13 mana vipers
  2 cyclopes
  A deep elf mage (D:15)
  8 ugly things
  A manticore (D:11)
  10 salamanders
  A moth of wrath (D:11)
  8 naga magi
  2 centaur zombies
  10 spiny frogs
  5 guardian serpents
  51 black mambas
  A gargoyle (D:12)
  3 torpor snails
  5 centaur skeletons
  2 kobold demonologists (D:13)
  4 komodo dragons
  4 yaktaurs (D:15)
  A freezing wraith (D:14)
  2 rime drakes
  A harpy zombie (D:15)
  3 trolls
  3 hornets
  10 blink frogs
  A polar bear (Lair:4)
  7 hippogriffs
  4 slime creatures (D:14)
  A centaur simulacrum (D:14)
  A hog (shapeshifter) (D:15)
  8 wyverns
  3 vampires
  Grum (D:10)
  16 basilisks
  2 hungry ghosts
  47 yaks
  3 steam dragons
  6 wargs
  36 nagas
  An acid dragon (D:15)
  A naga (shapeshifter) (D:14)
  5 porcupines
  5 water moccasins
  25 orc warriors
  6 sky beasts
  3 swamp drakes (Lair:6)
  4 black bears
  5 ice beasts
  2 phantoms
  10 wolves
  13 ogres
  3 necrophages
  10 centaurs
  14 crocodiles
  Blork the orc (D:6)
  6 big kobolds
  12 bullfrogs
  A wyvern skeleton (D:8)
  2 scorpions
  5 wights
  3 killer bees (D:10)
  A howler monkey (D:7)
  2 electric eels (Lair:1)
  5 crimson imps
  A bullfrog zombie (D:9)
  A quasit (D:10)
  6 hounds
  A jelly (D:8)
  26 orc wizards
  16 orc priests
  3 bullfrog skeletons
  Jessica (D:2)
  Ijyb (D:5)
  4 iguanas
  11 worker ants
  8 hell rats (Lair:6)
  A killer bee zombie (D:7)
  3 hound zombies
  3 hound skeletons
  9 gnolls
  14 adders
  2 howler monkey skeletons (D:4)
  2 river rats (Lair:6)
  4 shadow imps
  An ooze (D:3)
  An adder skeleton (D:9)
  An adder zombie (D:5)
  4 worms
  2 dart slugs
  6 leopard geckos
  69 orcs
  A ball python (D:7)
  5 giant cockroaches
  15 goblins
  9 hobgoblins
  18 jackals
  6 quokkas
  12 bats
  7 frilled lizards
  A giant cockroach zombie (D:6)
  A jackal skeleton (D:4)
  22 kobolds
  2 leopard gecko zombies
  2 quokka skeletons
  8 rats
  A bush (Lair:6)
  A fungus (Lair:1)
  A plant (Lair:6)
848 creatures vanquished.

Vanquished Creatures (collateral kills)
  An orc warlord (Orc:2)
  Snorg (D:10)
  A hydra (Lair:6)
  Erolcha (D:9)
  2 naga sharpshooters
  A sea snake (Snake:4)
  2 orc knights (Orc:2)
  3 guardian serpents (Snake:4)
  A hippogriff (D:10)
  2 yaks (Lair:5)
  2 basilisks
  2 nagas (Snake:4)
  An acid dragon (Lair:6)
  2 water moccasins
  2 centaurs (D:11)
  An orc priest (Orc:2)
  An iguana (D:9)
  A worker ant (D:10)
  An orc (Orc:2)
  A jackal (D:10)
29 creatures vanquished.

Vanquished Creatures (others)
  An unseen horror (D:11)
  A salamander (Snake:4)
  An acid dragon (Lair:6)
  A leopard gecko (D:5)
  16 fungi
  12 plants
32 creatures vanquished.

Grand Total: 909 creatures vanquished

Notes
Turn   | Place    | Note
-------+----------+-------------------------------------------
     0 | D:1      | Cassiopeia the Minotaur Berserker began the quest for the
                  | Orb.
     0 | D:1      | Reached XP level 1. HP: 19/19 MP: 0/0
   106 | D:1      | Reached XP level 2. HP: 15/27 MP: 1/1
   522 | D:1      | Reached skill level 4 in Maces & Flails
   766 | D:2      | Noticed Jessica
   768 | D:2      | Found a hazy altar of Hepliaklqana.
   773 | D:2      | Killed Jessica
   773 | D:2      | Reached XP level 3. HP: 26/33 MP: 2/2
   883 | D:2      | Reached ** piety under Trog
   956 | D:2      | Reached XP level 4. HP: 40/40 MP: 3/3
  1550 | D:3      | Reached XP level 5. HP: 37/47 MP: 4/4
  1912 | D:3      | Reached *** piety under Trog
  1952 | D:3      | Noticed an orc warrior
  1964 | D:3      | Killed an orc warrior
  1964 | D:3      | Reached skill level 5 in Fighting
  1964 | D:3      | Reached skill level 5 in Maces & Flails
  1964 | D:3      | Reached XP level 6. HP: 43/56 MP: 5/5
  2537 | D:3      | Found a faded altar of an unknown god.
  2870 | D:4      | Noticed a water moccasin
  2886 | D:3      | Killed a water moccasin
  2886 | D:3      | Reached skill level 5 in Armour
  2886 | D:3      | Reached XP level 7. HP: 37/62 MP: 6/6
  3175 | D:4      | Reached skill level 6 in Maces & Flails
  3402 | D:4      | Reached skill level 5 in Dodging
  3679 | D:4      | Reached **** piety under Trog
  4242 | D:5      | Entered Level 5 of the Dungeon
  4242 | D:5      | Noticed Ijyb
  4281 | D:5      | Killed Ijyb
  4287 | D:5      | Reached XP level 8. HP: 53/71 MP: 7/7
  4546 | D:5      | Reached skill level 7 in Maces & Flails
  5805 | D:6      | Noticed Blork the orc
  5819 | D:6      | Killed Blork the orc
  6172 | D:6      | Found a staircase to the Ecumenical Temple.
  6225 | D:6      | Reached XP level 9. HP: 73/80 MP: 8/8
  6374 | D:7      | Reached skill level 8 in Maces & Flails
  6417 | D:7      | Reached ***** piety under Trog
  6533 | D:7      | Found a shadowy altar of Dithmenos.
  7012 | D:8      | Noticed Pikel
  7029 | D:8      | Killed Pikel
  7548 | D:9      | Reached skill level 9 in Maces & Flails
  7664 | D:9      | Found a shimmering altar of Xom.
  7676 | D:9      | Noticed a two-headed ogre
  7693 | D:9      | Killed a two-headed ogre
  7693 | D:9      | Reached XP level 10. HP: 20/90 MP: 9/9
  8221 | D:9      | Received a gift from Trog
  8343 | D:9      | Noticed Harold
  8365 | D:9      | Killed Harold
  8365 | D:9      | Reached skill level 10 in Fighting
  8365 | D:9      | Reached skill level 10 in Maces & Flails
  8540 | D:9      | Found Rulu's Book Boutique.
  8650 | D:9      | Noticed Erolcha
  8689 | D:9      | Killed Erolcha
  8699 | D:9      | Reached skill level 10 in Armour
  8965 | D:9      | Found an opulent altar of Gozag.
  8995 | D:9      | Found Maomuwe's Magic Scroll Boutique.
  9000 | D:9      | Bought a scroll of enchant armour for 105 gold pieces
  9000 | D:9      | Bought a scroll of enchant weapon for 105 gold pieces
  9000 | D:9      | Bought 3 scrolls of identify for 84 gold pieces
  9000 | D:9      | Bought a scroll of remove curse for 42 gold pieces
  9000 | D:9      | Bought a scroll of identify for 28 gold pieces
  9000 | D:9      | Bought a scroll of identify for 28 gold pieces
  9000 | D:9      | Bought a scroll of teleportation for 42 gold pieces
  9000 | D:9      | Bought a scroll of magic mapping for 49 gold pieces
  9180 | D:9      | Found Uppifrer's Jewellery Shop.
  9285 | D:10     | Entered Level 10 of the Dungeon
  9382 | D:10     | Noticed an obsidian statue
  9428 | D:10     | Noticed Grum
  9447 | D:10     | Killed Grum
  9476 | D:10     | Noticed an unseen horror
  9493 | D:10     | Killed an unseen horror
  9536 | D:10     | Reached XP level 11. HP: 72/100 MP: 3/10
  9746 | D:10     | Noticed Snorg
  9779 | D:10     | Killed Snorg
 10375 | D:11     | Found a bloodstained altar of Trog.
 10375 | D:11     | Identified the +1 scimitar of Premature Burial {antimagic,
                  | Int+5}
 10375 | D:11     | Noticed a tengu warrior
 10375 | D:11     | Noticed a two-headed ogre
 10375 | D:11     | Noticed Lutefisk's ghost (journeyman TeAE)
 10394 | D:11     | Noticed an unseen horror
 10405 | D:11     | Reached skill level 11 in Maces & Flails
 10413 | D:11     | Killed an unseen horror
 10672 | D:11     | Reached skill level 10 in Dodging
 10763 | D:11     | Noticed a purple ugly thing
 10764 | D:11     | Noticed a four-headed hydra
 10777 | D:11     | Killed a purple ugly thing
 10782 | D:11     | Killed a four-headed hydra
 11076 | D:11     | Noticed a two-headed ogre
 11097 | D:11     | Found a transporter.
 11099 | D:11     | Found a transporter.
 11214 | D:11     | Noticed an unseen horror
 11218 | D:11     | Killed an unseen horror
 11521 | D:11     | Found a staircase to the Lair.
 11637 | Lair:1   | Entered Level 1 of the Lair of Beasts
 11711 | D:12     | Noticed a two-headed ogre
 11725 | D:12     | Killed a two-headed ogre
 11855 | D:12     | Received a gift from Trog
 11855 | D:12     | Reached skill level 12 in Maces & Flails
 12230 | D:12     | Noticed an orc knight
 12406 | D:12     | Noticed an unseen horror
 12421 | D:12     | Killed an unseen horror
 12421 | D:12     | Reached XP level 12. HP: 112/112 MP: 3/11
 12428 | D:12     | Found a sparkling altar of Nemelex Xobeh.
 12447 | D:12     | Found a staircase to the Orcish Mines.
 13482 | D:13     | Noticed an ogre mage
 13491 | D:13     | Noticed a two-headed ogre
 13504 | D:13     | Killed a two-headed ogre
 13509 | D:13     | Killed an ogre mage
 13558 | D:13     | Noticed a two-headed ogre
 13573 | D:13     | Killed a two-headed ogre
 13703 | D:13     | Found a gate to the Vaults.
 14561 | Lair:1   | Reached skill level 13 in Maces & Flails
 15884 | Lair:2   | Received a gift from Trog
 15969 | Lair:2   | Found a staircase to the Snake Pit.
 16371 | Lair:2   | Reached XP level 13. HP: 122/122 MP: 4/12
 17593 | Lair:3   | Found a staircase to the Swamp.
 18948 | Lair:5   | Reached skill level 14 in Maces & Flails
 19218 | Lair:5   | Received a gift from Trog
 19943 | Lair:6   | Entered Level 6 of the Lair of Beasts
 21380 | Lair:6   | Found a runed translucent door.
 21381 | Lair:6   | Noticed a fire dragon
 21866 | Orc:1    | Entered Level 1 of the Orcish Mines
 21935 | Orc:1    | Reached XP level 14. HP: 95/133 MP: 4/13
 22064 | Orc:1    | Noticed Erica
 22086 | Orc:1    | Killed Erica
 22417 | Orc:1    | Found a runed translucent gate.
 22418 | Orc:1    | Found a runed translucent gate.
 22419 | Orc:1    | Found a runed translucent gate.
 22422 | Orc:1    | Noticed a stone giant
 22424 | Orc:1    | Noticed hanumantmk's ghost (journeyman MiBe)
 22427 | Orc:1    | Found an iron altar of Okawaru.
 22698 | Orc:2    | Entered Level 2 of the Orcish Mines
 22702 | Orc:2    | Noticed an orc warlord
 22708 | Orc:2    | Received a gift from Trog
 22966 | Orc:2    | Killed an orc warlord
 24268 | Orc:2    | Noticed an orc warlord
 24295 | Orc:2    | Killed an orc warlord
 24503 | Orc:2    | Found a roughly hewn altar of Beogh.
 24505 | Orc:2    | Reached skill level 15 in Fighting
 24721 | Orc:2    | Reached skill level 15 in Maces & Flails
 24742 | Orc:2    | Found Noigaac's Book Shoppe.
 24750 | Orc:2    | Found Dilungo's Antique Armour Shoppe.
 24764 | Orc:2    | Found a staircase to the Elven Halls.
 24848 | Orc:2    | Bought a bloodstained large shield for 266 gold pieces
 24848 | Orc:2    | Bought a pair of runed gloves for 210 gold pieces
 24864 | Orc:2    | Identified the +1 large shield of Thoughtfulness {Int+2
                  | Stlth+} (You bought it in a shop on level 2 of the Orcish
                  | Mines)
 25011 | Orc:2    | Found Kuhaun's Antique Weapon Shoppe.
 25028 | Orc:2    | Found Kaqaixen's General Store.
 25066 | Orc:2    | Reached skill level 1 in Shields
 25858 | D:11     | Killed Lutefisk's ghost
 26163 | Snake:1  | Entered Level 1 of the Snake Pit
 26729 | Snake:1  | Reached skill level 5 in Shields
 27667 | Lair:6   | Reached skill level 16 in Maces & Flails
 29810 | Snake:1  | Reached XP level 15. HP: 141/141 MP: 14/14
 31017 | Snake:2  | Found Jucagga's Jewellery Shop.
 31444 | Snake:2  | Reached skill level 17 in Maces & Flails
 32473 | Snake:2  | Noticed Asterion
 32688 | D:14     | Reached skill level 10 in Shields
 33592 | D:15     | Entered Level 15 of the Dungeon
 34412 | D:15     | Reached skill level 18 in Maces & Flails
 34590 | D:15     | Found Uquthreng's Assorted Antiques.
 34607 | D:15     | Got a polished long sword
 34608 | D:15     | Identified the +5 long sword "Ority" {drain, MR- Str+4
                  | Int+4} (You found it on level 15 of the Dungeon)
 34929 | D:15     | Found a staircase to the Depths.
 35494 | Snake:2  | Found Ziwuveet's Antique Armour Shop.
 35497 | Snake:2  | Found Jeamop's Assorted Antiques.
 35497 | Snake:2  | Found Doovue's Antique Armour Shop.
 35499 | Snake:2  | Found Samejy's General Store.
 35503 | Snake:2  | Bought a glowing cloak for 195 gold pieces
 35503 | Snake:2  | Bought a shiny plate armour for 676 gold pieces
 35525 | Snake:2  | Bought an emerald ring for 180 gold pieces
 35525 | Snake:2  | Bought a knobbly bronze ring for 180 gold pieces
 35651 | Snake:2  | Noticed an Executioner
 35681 | Snake:2  | Killed Asterion
 35950 | Snake:2  | Reached XP level 16. HP: 141/149 MP: 15/15
 37758 | Snake:3  | Found a sparkling altar of Nemelex Xobeh.
 37788 | Snake:3  | Reached skill level 15 in Shields
 37941 | Snake:3  | Received a gift from Trog
 38083 | Snake:3  | Found Qylob's Gadget Shop.
 38083 | Snake:3  | Found Astriph's Jewellery Shoppe.
 38084 | Snake:3  | Found Plog's Gadget Shop.
 38522 | Snake:4  | Entered Level 4 of the Snake Pit
 40631 | Snake:4  | Slain by a nagaraja

Levels and vault maps discovered:
D:1:      scummos_arrival_hexagon, layout_loops_cross, minmay_misc_feat_roman
D:2:      layout_basic, lemuel_round_altar, minmay_fountain_box,
          kennysheep_nondescript, uniq_jessica
D:3:      minmay_chambers_of_twos, layout_loops_cross,
          chequers_ecumenical_altar_island, minmay_ogre_servants
D:4:      layout_cave_pods
D:5:      layout_cave_pools, first_ration, minmay_misc_feat_more_columns,
          uniq_ijyb
D:6:      layout_basic, minmay_temple_entry_hall, chequers_ossuary_entry_cave,
          uniq_blork_the_orc
D:7:      layout_cave_pools, overflow_temple_1_default
D:8:      layout_loops_cross, blue_anna_alchemist [blue_anna_fruit_fields,
          blue_anna_fruit_fields], uniq_pikel
D:9:      layout_irregular_city, lemuel_round_altar, xom_butterflies,
          enter_bailey_6, serial_shops, nicolae_shop_trees,
          kennysheep_little_box, nicolae_shop_trees, uniq_harold, uniq_erolcha
D:10:     layout_small_grid, special_room [special_room_orc], minivault_16,
          uniq_urug, uniq_grum, uniq_snorg
D:11:     layout_rooms, david_lair_generic, gammafunk_ghost_wrathful_warriors
D:12:     layout_loops_ring, orc_david_3, nemelex_xobeh_ov_fountains_minmay
D:13:     layout_rooms, david_vaults_2
D:14:     layout_roguey, nicolae_wwwww, kennysheep_windowed_goal
D:15:     hangedman_depths_entry_civil_slaughter, layout_irregular_city,
          hangedman_decor_lopped, serial_shops, nicolae_shop_stone
Lair:1:   layout_chaotic_city
Lair:2:   layout_regular_city, dummy_snake_entry, serial_bayou_pond_c,
          beast_lair_carwin_1
Lair:3:   layout_cave_pods, swamp_mist, kennysheep_basilisk_garden,
          grunt_megastairs_5
Lair:4:   layout_roguey, lookout_lair_type
Lair:5:   layout_loops_ring
Lair:6:   guppyfry_lair_end_dragon, layout_regular_city, wormcave,
          minmay_slime_entry_oklob_open, minivault_23,
          kennysheep_abandoned_house, infiniplex_staircase_pool_2
Snake:1:  layout_honeycomb
Snake:2:  layout_rooms, serial_shops, shop_fountains, minmay_shop_grid_forest,
          uniq_asterion
Snake:3:  layout_onion, basic_altar, minmay_shop_grove, serial_bayou_shore_b,
          serial_bayou_shore_b
Snake:4:  grunt_snake_rune_pools, layout_grid_maze, grunt_megastairs_1,
          lemuel_fruit_tree
Orc:1:    layout_caves, gammafunk_ghost_fury_of_okawaru, nicolae_orc_rockfall,
          mines5_lemuel, uniq_nergalle, uniq_erica
Orc:2:    grunt_orc_cross, layout_caves

Skill      XL: |  1  2  3  4  5  6  7  8  9 10 11 12 13 14 15 16 |
---------------+-------------------------------------------------+-----
Maces & Flails | 4 5 6 7 9 10 12 13 14 16 18 | 18.0
Fighting       | 4 5 6 7 9 10 12 13 14 15 | 15.0
Armour         | 3 4 5 6 7 9 10 11 13 14 | 14.8
Dodging        | 3 4 5 6 8 9 10 12 13 | 13.7
Shields        | 7 13 17 | 17.8

Action                   |  1- 3 |  4- 6 |  7- 9 | 10-12 | 13-15 | 16-18 || total
-------------------------+-------+-------+-------+-------+-------+-------++-------
Melee: Mace              |    59 |   171 |   372 |       |       |       ||   602
       Headbutt          |     9 |    33 |    92 |   145 |   361 |   103 ||   743
       Whip              |       |       |    49 |    44 |       |       ||    93
       Dire flail        |       |       |       |   331 |       |       ||   331
       Great mace        |       |       |       |   257 |   536 |       ||   793
       Morningstar       |       |       |       |       |   869 |   170 ||  1039
       Eveningstar       |       |       |       |       |       |   218 ||   218
Throw: Boomerang         |       |     5 |       |     2 |       |       ||     7
Invok: Berserk           |       |     1 |       |     3 |     9 |     9 ||    22
       Brothers in Arms  |       |       |       |     6 |     8 |     1 ||    15
       Trog's Hand       |       |       |       |     2 |     3 |     1 ||     6
Evoke: Wand              |       |       |       |     1 |       |       ||     1
  Use: Scroll            |     1 |     2 |       |    24 |    23 |     1 ||    51
       Potion            |       |       |       |     5 |    11 |     1 ||    17
 Stab: Distracted        |       |       |       |       |     1 |       ||     1
  Eat: Chunk             |       |     7 |    15 |    15 |    30 |       ||    67
       Ration            |       |       |       |     6 |    14 |     7 ||    27
Armor: Animal skin       |    10 |       |       |       |       |       ||    10
       Scale mail        |     2 |    40 |       |       |       |       ||    42
       Plate armour      |       |    53 |   243 |   348 |   622 |   214 ||  1480
Dodge: Dodged            |    46 |   101 |   198 |   340 |   632 |   221 ||  1538
       Deflected         |       |       |       |       |    47 |       ||    47
Block: Large shield      |       |       |       |       |   692 |       ||   692
       Buckler           |       |       |       |       |    16 |   181 ||   197
